 Dungeon Crawl Stone Soup version 0.25-a0-632-g7713895373 (webtiles) character file.

Game seed: 6843719431919323070, levelgen mode: deterministic

27 An17 the Ducker (level 2, 0/21 HPs)
             Began as a Demonspawn Wanderer on Mar 19, 2020.
             Slain by a worker ant (4 damage)
             ... on level 2 of the Dungeon.
             The game lasted 00:03:46 (1194 turns).

An17 the Ducker (Demonspawn Wanderer)               Turns: 1194, Time: 00:03:46

Health: 0/21       AC:  5    Str:  9    XL:     2   Next: 93%
Magic:  5/5        EV: 13    Int: 14    God:
Gold:   166        SH:  0    Dex: 14    Spells: 5/5 levels left

rFire    + . .     SeeInvis .   a - +2 quarterstaff
rCold    . . .     Gourm    .   (shield currently unavailable)
rNeg     . . .     Faith    .   g - +1 leather armour
rPois    .         Spirit   .   h - +0 helmet
rElec    .         Reflect  .   (no cloak)
rCorr    .         Harm     .   (no gloves)
MR       .....                  (no boots)
Stlth    +.........             (no amulet)
HPRegen  0.07/turn              (no ring)
MPRegen  0.09/turn              (no ring)

@: lethally poisoned (0 -> -12)
A: fire resistance 1
a: no special abilities


You were on level 2 of the Dungeon.
You were hungry.

You visited 1 branch of the dungeon, and saw 2 of its levels.

You collected 166 gold pieces.

Inventory:

Hand Weapons
 a - a +2 quarterstaff (weapon)
Armour
 g - a +1 leather armour (worn)
 h - a +0 helmet (worn)
Wands
 e - a wand of disintegration (8)
Scrolls
 b - 2 scrolls of teleportation
 c - a scroll of identify
Potions
 d - 2 potions of flight
Comestibles
 f - 2 rations


   Skills:
 + Level 1.1 Fighting
 + Level 1.6 Staves
 + Level 0.1 Armour
 + Level 3.2 Dodging
   Level 2.0 Shields
 - Level 2.0 Spellcasting
   Level 1.0 Poison Magic


You had 5 spell levels left.
You didn't know any spells.
Your spell library was empty.

Dungeon Overview and Level Annotations

Branches:
Dungeon (2/15)

Altars:


Innate Abilities, Weirdness & Mutations

Your flesh is heat resistant. (rF+)


Message History

You hit the worker ant.
The worker ant is heavily wounded.
You feel sick. The worker ant misses you.
You hit the worker ant but do no damage.
The worker ant is heavily wounded.
You feel sick. The worker ant misses you.
The worker ant bites you but does no damage.
You sock the worker ant!
The worker ant is almost dead.
* * * LOW HITPOINT WARNING * * *
You feel sick. The worker ant closely misses you.
You closely miss the worker ant.
The worker ant is almost dead.
* * * LOW HITPOINT WARNING * * *
You feel sick. The worker ant completely misses you. The worker ant misses you.
You hit the worker ant but do no damage.
The worker ant is almost dead.
* * * LOW HITPOINT WARNING * * *
You feel sick. The worker ant bites you.
You die...

#................#
#................#
#................#
#...........(....####
####.###.......[.....
#.# #........)...#
#####.##..........##..
#....%............###.
#....@........>.......
#....a###......###....
#.....# #####.. .###
#>...$# #.. ## #.....#
... #####.. #.. ...


You could see a worker ant.

Vanquished Creatures
  A worm (D:2)
  2 dart slugs (D:1)
  A ball python (D:2)
  3 goblins
  2 hobgoblins
  A kobold (D:1)
  A quokka (D:2)
  4 bats (D:1)
  3 frilled lizards (D:2)
  2 rats (D:2)
20 creatures vanquished.

Notes
Turn   | Place    | Note
-------+----------+-------------------------------------------
     0 | D:1      | An17 the Demonspawn Wanderer began the quest for the Orb.
     0 | D:1      | An17 set off with the following items: a +2 quarterstaff, a
                  | scroll of teleportation, a +0 kite shield, a +0 robe, a
                  | ration
     0 | D:1      | Reached XP level 1. HP: 15/15 MP: 3/3
   247 | D:1      | Gained mutation: Your flesh is heat resistant. (rF+)
                  | [demonic ancestry]
   247 | D:1      | Reached XP level 2. HP: 6/21 MP: 5/5
   282 | D:1      | Reached skill level 3 in Dodging
  1194 | D:2      | Slain by a worker ant

Levels and vault maps discovered:
D:1:      matt_arrival_diagonals, layout_loops_ring
D:2:      layout_rooms, first_ration, uniq_crazy_yiuf_cottage

Skill      XL: |  1  2 |
---------------+-------+-----
Shields        | 2 |  2.0
Dodging        | 3 |  3.2
Fighting       | |  1.1
Staves         | |  1.6
Armour         | |  0.1
Spellcasting   | |  2.0
Poison Magic   | |  1.0

Action                   || total
-------------------------++-------
Melee: Quarterstaff      ||    56
  Use: Scroll            ||     4
 Stab: Sleeping          ||     2
Armor: Robe              ||     2
       Leather armour    ||     9
       Ring mail         ||     1
Dodge: Dodged            ||    31

Table legend:
 A = Non-vault XP
 B = Vault XP
 C = Vault XP percentage of total XP
 D = Non-vault monster count
 E = Vault monster count
 F = Vault count percentage of total count
                 A         B        C        D         E       F
            +---------+---------+-------+---------+---------+-------
      Total |      39 |       0 |   0.0 |      20 |       0 |   0.0
            +---------+---------+-------+---------+---------+-------
        D:1 |      21 |       0 |   0.0 |      10 |       0 |   0.0
        D:2 |      18 |       0 |   0.0 |      10 |       0 |   0.0
            +---------+---------+-------+---------+---------+-------
